 Dungeon Crawl Stone Soup version 0.25.1-2-g60ff931df9 (webtiles) character file.

Game seed: 5572320602425999620

459 Delamore the Cudgeler (level 7, -6/44 HPs)
             Began as a Gargoyle Fighter on Sept 7, 2020.
             Was an Initiate of Okawaru.
             Mangled by an ogre
             ... wielding a +0 giant spiked club
              (13 damage)
             ... on level 4 of the Dungeon.
             The game lasted 00:03:55 (4284 turns).

Delamore the Cudgeler (Gargoyle Fighter)            Turns: 4284, Time: 00:03:56

Health: -6/44      AC: 13    Str: 22    XL:     7   Next: 6%
Magic:  7/7        EV:  5    Int:  8    God:    Okawaru [......]
Gold:   340        SH: 10    Dex:  9    Spells: 6/6 levels left

rFire    . . .     SeeInvis .   a - +0 flail
rCold    . . .     Gourm    .   c - +0 kite shield
rNeg     + + .     Faith    .   n - +0 chain mail {rN+}
rPois    ∞         Spirit   .   (no helmet)
rElec    +         Reflect  .   (no cloak)
rCorr    .         Harm     .   (no gloves)
MR       .....                  (no boots)
Stlth    ..........             (no amulet)
HPRegen  0.14/turn              (no ring)
MPRegen  0.10/turn              (no ring)

@: no status effects
A: negative energy resistance 1, electricity resistance, unbreathing,
petrification resistance, rot immunity, AC +4
a: Renounce Religion


You were on level 4 of the Dungeon.
You worshipped Okawaru.
Okawaru was noncommittal.
You were not hungry.

You visited 2 branches of the dungeon, and saw 5 of its levels.

You collected 340 gold pieces.

Inventory:

Hand Weapons
 a - a +0 flail (weapon)
Missiles
 q - 16 poisoned darts (quivered)
Armour
 b - a +0 scale mail
 c - a +0 kite shield (worn)
 n - a +0 chain mail of positive energy (worn)
Scrolls
 g - 3 scrolls of enchant weapon {unknown}
 h - 2 scrolls of remove curse {unknown}
 j - 3 scrolls of blinking {unknown}
 k - a scroll of identify {unknown}
 l - a scroll of teleportation {unknown}
 m - a scroll of noise {unknown}
 o - a scroll of fog {unknown}
 p - a scroll of fear {unknown}
 s - a scroll of magic mapping {unknown}
Potions
 e - a potion of brilliance
 i - a potion of degeneration
 r - a potion of heal wounds {unknown}
 t - a potion of ambrosia {unknown}
Comestibles
 f - 6 rations


   Skills:
 - Level 5.0 Fighting
 + Level 5.5 Maces & Flails
 - Level 3.2 Armour
 - Level 5.0 Shields


You had 6 spell levels left.
You didn't know any spells.
Your spell library was empty.

Dungeon Overview and Level Annotations

Branches:
Dungeon (4/15)             Temple (1/1) D:4

Altars:
Ashenzari
Dithmenos
Elyvilon
Fedhas
Gozag
Hepliaklqana
Kikubaaqudgha
Nemelex Xobeh
Okawaru
Qazlal
Ru
Sif Muna
Trog
Uskayaw
Vehumet
Xom
Yredelemnul
Zin
The Shining One

Annotations:
D:4 1 runed translucent door


Innate Abilities, Weirdness & Mutations

You are resistant to torment.
Your stone body is resilient. (AC +4)
You are immune to poison.
You resist negative energy. (rN+)
You are resistant to electric shocks. (rElec)
You can survive without breathing.
You are immune to petrification.
You are immune to rotting.


Message History

You are too injured to fight recklessly!
You are too injured to fight recklessly!
You are too injured to fight recklessly!
You are too injured to fight recklessly!
You are too injured to fight recklessly!
You are too injured to fight recklessly!
You hit the ogre.
The ogre is severely wounded.
The ogre barely misses you.
The frilled lizard bites you but does no damage.
You hit the ogre.
The ogre is almost dead.
The frilled lizard barely misses you.
The ogre hits you with a +0 giant spiked club!
* * * LOW HITPOINT WARNING * * *
You hit the ogre but do no damage.
The ogre is almost dead.
You block the frilled lizard's attack.
The ogre hits you with a +0 giant spiked club!
You die...

.. ... .... .... ..+. ..
....#+#........ ..
........##...#. .## #
.............#.##.......#.......#
........#.##.......##...#.......#
........#....##lO#......#.......#
...........#....@#.##...#.......#
.........#.#.##.........#.......#
.....##..#......##.#....##..(...#
.....#.....##.>....#.....#......#
.....#..##......##.......#......#
.....#.....#.##....##....'......#
.....+..##.#....##.......#......#
.....#........#.....#....#......#
.....##.##.##.#..##.#.##.#......#


You could see an ogre and a frilled lizard.

Vanquished Creatures
  Purgy (D:3)
  2 orc priests
  A centaur skeleton (D:4)
  3 orc wizards
  2 worker ants
  3 gnolls (D:3)
  4 adders
  An adder skeleton (D:4)
  A worm (D:4)
  3 dart slugs
  7 leopard geckos
  7 orcs
  5 bats
  2 giant cockroaches
  6 goblins
  5 hobgoblins
  5 jackals (D:3)
  A quokka (D:2)
  A ball python (D:1)
  3 frilled lizards
  9 kobolds
  A leopard gecko skeleton (D:3)
  2 quokka skeletons (D:4)
  9 rats
84 creatures vanquished.

Notes
Turn   | Place    | Note
-------+----------+-------------------------------------------
     0 | D:1      | Delamore the Gargoyle Fighter began the quest for the Orb.
     0 | D:1      | Reached XP level 1. HP: 14/14 MP: 1/1
   164 | D:1      | Reached XP level 2. HP: 19/19 MP: 2/2
   478 | D:1      | Reached XP level 3. HP: 24/24 MP: 3/3
  1141 | D:2      | Found a shattered altar of Ashenzari.
  1141 | D:2      | Found an opulent altar of Gozag.
  1586 | D:2      | Reached XP level 4. HP: 28/29 MP: 4/4
  1628 | D:2      | HP: 1/29 [something/puff of flame (2)]
  1842 | D:3      | Reached XP level 5. HP: 21/34 MP: 5/5
  2474 | D:3      | Found a white marble altar of Elyvilon.
  2917 | D:4      | Found a staircase to the Ecumenical Temple.
  2925 | Temple   | Entered the Ecumenical Temple
  2990 | Temple   | Became a worshipper of Warmaster Okawaru
  3003 | D:4      | Reached XP level 6. HP: 40/40 MP: 6/6
  3022 | D:4      | Found a glowing silver altar of Zin.
  3022 | D:4      | Found a runed translucent door.
  3022 | D:4      | Noticed an angel
  3060 | D:4      | Found a bloodstained altar of Trog.
  3066 | D:4      | Reached skill level 5 in Fighting
  3066 | D:4      | Reached skill level 5 in Shields
  3337 | D:4      | Found a shimmering altar of Xom.
  3358 | D:4      | Found a sacrificial altar of Ru.
  3374 | D:4      | Noticed Purgy
  3533 | D:3      | Killed Purgy
  3533 | D:3      | Reached skill level 5 in Maces & Flails
  3840 | D:4      | Reached XP level 7. HP: 44/44 MP: 7/7
  4284 | D:4      | Mangled by an ogre

Illustrated notes

Levels and vault maps discovered:
D:1:      heliophobic_arrival_battle_scene, layout_loops_ring
D:2:      layout_rooms, gammafunk_temple_overflow_wave, serial_bayou_lagoon_b
D:3:      minmay_evil_eye, layout_basic, elyvilon_altar_5
D:4:      layout_gridville, kennysheep_little_box, grunt_temple_overflow_open,
          minmay_temple_entry_ruins, lemuel_angel_altar, uniq_purgy
Temple:   cyrus_circular_temple

Skill      XL: |  1  2  3  4  5  6 |
---------------+-------------------+-----
Fighting       | 4 5 |  5.0
Shields        | 4 5 |  5.0
Maces & Flails | 3 5 |  5.5
Armour         | |  3.2

Action                   |  1- 3 |  4- 6 |  7- 9 || total
-------------------------+-------+-------+-------++-------
Melee: Flail             |   145 |   230 |    28 ||   403
  Use: Potion            |       |     6 |       ||     6
  Eat: Chunk             |     2 |     6 |       ||     8
       Ration            |       |     1 |       ||     1
Armor: Scale mail        |    88 |   126 |       ||   214
       Chain mail        |       |    68 |    12 ||    80
Dodge: Dodged            |    55 |    89 |     3 ||   147
Block: Kite shield       |    90 |   149 |     9 ||   248
